PBL
CLEVELAND INDIANS @ MILWAUKEE BREWERS
05/17/2071
 
TOP OF THE 1ST
Cleveland Indians batting - Pitching for Milwaukee Brewers : RHP Pedro Guevara
Pitching: RHP Pedro Guevara
Batting: RHB Ramón Murillo 0-0: Ball
1-0: Ball
2-0: Swinging Strike
2-1: Called Strike
2-2: Strikes out swinging
Batting: LHB Jorge Morán 0-0: Called Strike
0-1: Swinging Strike
0-2: Foul Ball, location: 2F
0-2: Foul Ball, location: 25F
0-2: Ball
1-2: SINGLE (Line Drive, 56D, EV 101.9 MPH)
Batting: RHB Mike Robinson 0-0: Ball
1-0: Called Strike
1-1: Swinging Strike
1-2: Ball
2-2: Ball
3-2: Foul Ball, location: 3FF
3-2: Foul Ball, location: 23F
3-2: Fly out, F2 (Popup, 2R, EV 97.5 MPH)
Batting: LHB Tony Locke 0-0: Called Strike
0-1: Ball
1-1: Ball
2-1: SINGLE (Line Drive, 6MD, EV 95.0 MPH)
Jorge Morán to second
Runner from 2nd tries for 3rd, SAFE, no throw by CF
Batting: RHB Cisco Reyes 0-0: Ball
1-0: Called Strike
1-1: Ball
2-1: Foul Ball, location: 7LMF
2-2: Ball
3-2: SINGLE (Groundball, 5D, EV 101.9 MPH)
Jorge Morán scores
Tony Locke to second
Tony Locke to third
Batting: SHB Adam Emery 0-0: Ground out 4-3 (Groundball, 4D, EV 105.0 MPH)
Top of the 1st over - 1 run, 3 hits, 0 errors, 2 left on base; Cleveland 1 - Milwaukee 0
BOTTOM OF THE 1ST
Milwaukee Brewers batting - Pitching for Cleveland Indians : RHP Joe Thompson
Pitching: RHP Joe Thompson
Batting: LHB David MacDonald 0-0: Ball
1-0: Ground out 6-3 (Groundball, 6, EV 86.3 MPH)
Batting: SHB Yang Siu 0-0: Foul Ball, location: 9LSF
0-1: Foul Ball, location: 2F
0-2: Hit by Pitch
Batting: LHB John Brosseau 0-0: Foul Ball, location: 2F
0-1: Ball
1-1: Foul Ball, location: 2F
1-2: Ball
2-2: Ball
3-2: Fly out, F9 (Flyball, 9LM, EV 102.5 MPH)
Batting: LHB Santiago Romero 0-0: Ball
1-0: 2-RUN HOME RUN (Flyball, 9D, EV 103.1 MPH), Distance : 394 ft
Batting: LHB Ron McBride 0-0: Called Strike
0-1: Fly out, F5 (Popup, 56, EV 65.6 MPH)
Bottom of the 1st over - 2 runs, 1 hit, 0 errors, 0 left on base; Cleveland 1 - Milwaukee 2
TOP OF THE 2ND
Cleveland Indians batting - Pitching for Milwaukee Brewers : RHP Pedro Guevara
Batting: RHB Cheung Fang 0-0: Foul Ball, location: 25FF
0-1: Ball
1-1: Foul Ball, location: 2F
1-2: Strikes out swinging
Batting: RHB Jackson Williams 0-0: Ground out 5-3 (Groundball, 56, EV 103.1 MPH)
Batting: RHB Fedyenka Tiguntsev 0-0: Called Strike
0-1: Ball
1-1: Ball
2-1: Foul Ball, location: 9LMF
2-2: SINGLE (Groundball, 6MD, EV 105.6 MPH)
Batting: RHB Ramón Murillo 0-0: Fly out, F8 (Flyball, 8LD, EV 106.9 MPH)
Top of the 2nd over - 0 runs, 1 hit, 0 errors, 1 left on base; Cleveland 1 - Milwaukee 2
BOTTOM OF THE 2ND
Milwaukee Brewers batting - Pitching for Cleveland Indians : RHP Joe Thompson
Batting: LHB Stanley Hawkins 0-0: Called Strike
0-1: Ball
1-1: Ball
2-1: SINGLE (Flyball, 56D, EV 86.9 MPH)
Batting: SHB Ray Day 0-0: Grounds into double play, 6-4-3 (Groundball, 6M, EV 91.9 MPH)
Batting: RHB Steve Sloan 0-0: Ball
1-0: SINGLE (Line Drive, 9S, EV 88.1 MPH)
Batting: RHB Pedro Gómez 0-0: Called Strike
0-1: Ball
1-1: Foul Ball, location: 2F
1-2: Ball
2-2: Ball
3-2: SINGLE (Line Drive, 6MD, EV 104.4 MPH)
Steve Sloan to second
Steve Sloan to third
Batting: LHB David MacDonald 0-0: Called Strike
0-1: Called Strike
0-2: Strikes out swinging
Bottom of the 2nd over - 0 runs, 3 hits, 0 errors, 2 left on base; Cleveland 1 - Milwaukee 2
TOP OF THE 3RD
Cleveland Indians batting - Pitching for Milwaukee Brewers : RHP Pedro Guevara
Batting: LHB Jorge Morán 0-0: Swinging Strike
0-1: Ball
1-1: Called Strike
1-2: Strikes out swinging
Batting: RHB Mike Robinson 0-0: Ball
1-0: Ball
2-0: Fly out, F5 (Popup, 56S, EV 78.8 MPH)
Batting: LHB Tony Locke 0-0: Foul Ball, location: 7LMF
0-1: Foul Ball, location: 7LMF
0-2: Ball
1-2: Strikes out looking
Top of the 3rd over - 0 runs, 0 hits, 0 errors, 0 left on base; Cleveland 1 - Milwaukee 2
BOTTOM OF THE 3RD
Milwaukee Brewers batting - Pitching for Cleveland Indians : RHP Joe Thompson
Batting: SHB Yang Siu 0-0: Ball
1-0: Ball
2-0: Foul Ball, location: 9LSF
2-1: Ball
3-1: SINGLE (Line Drive, 89M, EV 110.6 MPH)
Batting: LHB John Brosseau 0-0: Ball
1-0: Swinging Strike
1-1: Called Strike
1-2: Hit by Pitch
Yang Siu to second
Batting: LHB Santiago Romero 0-0: SINGLE (Line Drive, 4M, EV 94.4 MPH)
Yang Siu to third
John Brosseau to second
Batting: LHB Ron McBride 0-0: Ball
1-0: SINGLE (Line Drive, 78S, EV 105.6 MPH)
Yang Siu scores
John Brosseau to third
Santiago Romero to second
Batting: LHB Stanley Hawkins 0-0: Foul Ball, location: 2F
0-1: Ball
1-1: Ball
2-1: Foul Ball, location: 2F
2-2: Strikes out looking
Batting: SHB Ray Day 0-0: Foul Ball, location: 5DF
0-1: Grounds into fielders choice 3-2 (Groundball, 34, EV 103.8 MPH)
Santiago Romero to third
Ron McBride to second
Batting: RHB Steve Sloan 0-0: Ball
1-0: Fielders Choice at 2nd, 6-4 (Groundball, 6, EV 103.1 MPH)
Bottom of the 3rd over - 1 run, 3 hits, 0 errors, 3 left on base; Cleveland 1 - Milwaukee 3
TOP OF THE 4TH
Cleveland Indians batting - Pitching for Milwaukee Brewers : RHP Pedro Guevara
Batting: RHB Cisco Reyes 0-0: Ball
1-0: Fly out, F8 (Flyball, 8RD, EV 96.3 MPH)
Batting: SHB Adam Emery 0-0: Foul Ball, location: 2F
0-1: Ball
1-1: Ground out 4-3 (Groundball, 34, EV 90.0 MPH)
Batting: RHB Cheung Fang 0-0: Called Strike
0-1: Fly out, F8 (Line Drive, 8RD, EV 106.3 MPH)
Top of the 4th over - 0 runs, 0 hits, 0 errors, 0 left on base; Cleveland 1 - Milwaukee 3
BOTTOM OF THE 4TH
Milwaukee Brewers batting - Pitching for Cleveland Indians : RHP Joe Thompson
Batting: RHB Pedro Gómez 0-0: Fly out, F8 (Flyball, 8RM, EV 97.5 MPH)
Batting: LHB David MacDonald 0-0: Called Strike
0-1: Swinging Strike
0-2: Strikes out swinging
Batting: SHB Yang Siu 0-0: Called Strike
0-1: Swinging Strike
0-2: Ball
1-2: Strikes out swinging
Bottom of the 4th over - 0 runs, 0 hits, 0 errors, 0 left on base; Cleveland 1 - Milwaukee 3
TOP OF THE 5TH
Cleveland Indians batting - Pitching for Milwaukee Brewers : RHP Pedro Guevara
Batting: RHB Jackson Williams 0-0: Ball
1-0: Called Strike
1-1: Foul Ball, location: 23F
1-2: Ball
2-2: Strikes out swinging
Batting: RHB Fedyenka Tiguntsev 0-0: Called Strike
0-1: Ball
1-1: Called Strike
1-2: Strikes out swinging
Batting: RHB Ramón Murillo 0-0: Ball
1-0: Called Strike
1-1: Foul Ball, location: 9LDF
1-2: SINGLE (Groundball, 34S, EV 72.5 MPH) (infield hit)
Batting: LHB Jorge Morán 0-0: Ball
1-0: Ball
2-0: Called Strike
2-1: Ground out 4-3 (Groundball, 34S, EV 91.3 MPH)
Top of the 5th over - 0 runs, 1 hit, 0 errors, 1 left on base; Cleveland 1 - Milwaukee 3
BOTTOM OF THE 5TH
Milwaukee Brewers batting - Pitching for Cleveland Indians : RHP Joe Thompson
Batting: LHB John Brosseau 0-0: Fly out, F6 (Popup, 6MS, EV 61.9 MPH)
Batting: LHB Santiago Romero 0-0: Ball
1-0: Ball
2-0: Ball
3-0: Called Strike
3-1: Called Strike
3-2: Ground out 1-3 (Groundball, 13, EV 70.0 MPH)
Batting: LHB Ron McBride 0-0: Fly out, F8 (Flyball, 78M, EV 88.8 MPH)
Bottom of the 5th over - 0 runs, 0 hits, 0 errors, 0 left on base; Cleveland 1 - Milwaukee 3
TOP OF THE 6TH
Cleveland Indians batting - Pitching for Milwaukee Brewers : RHP Pedro Guevara
Batting: RHB Mike Robinson 0-0: Ball
1-0: SINGLE (Line Drive, 6MD, EV 96.9 MPH)
Batting: LHB Tony Locke 0-0: Swinging Strike
0-1: Called Strike
0-2: Foul Ball, location: 2F
0-2: Strikes out looking
Pitching: RHP George Thomas
Batting: RHB Cisco Reyes 0-0: Ball
1-0: Ball
2-0: Ball
3-0: Base on Balls
Mike Robinson to second
Batting: SHB Adam Emery 0-0: Ball
1-0: Called Strike
1-1: Ball
2-1: Ball
3-1: Fielders Choice at 2nd, 3-6 (Groundball, 3S, EV 78.8 MPH)
Mike Robinson to third
Batting: RHB Cheung Fang 0-0: Ball
1-0: Ball
2-0: Foul Ball, location: 2F
2-1: Fielders Choice at 2nd, 6-4 (Groundball, 6, EV 88.1 MPH)
Top of the 6th over - 0 runs, 1 hit, 0 errors, 2 left on base; Cleveland 1 - Milwaukee 3
BOTTOM OF THE 6TH
Milwaukee Brewers batting - Pitching for Cleveland Indians : RHP Joe Thompson
Batting: LHB Stanley Hawkins 0-0: Ball
1-0: Swinging Strike
1-1: SINGLE (Groundball, 34D, EV 105.0 MPH)
Batting: SHB Ray Day 0-0: Called Strike
0-1: Ball
1-1: Fly out, F6 (Line Drive, 6MD, EV 69.4 MPH)
Batting: RHB Steve Sloan 0-0: Called Strike
0-1: Ball
1-1: Fly out, F8 (Line Drive, 8RS, EV 98.1 MPH)
Batting: RHB Pedro Gómez 0-0: Ball
1-0: Called Strike
1-1: Fly out, F7 (Flyball, 78M, EV 96.3 MPH)
Bottom of the 6th over - 0 runs, 1 hit, 0 errors, 1 left on base; Cleveland 1 - Milwaukee 3
TOP OF THE 7TH
Cleveland Indians batting - Pitching for Milwaukee Brewers : RHP George Thomas
Pitching: RHP Javier Castro
Batting: RHB Jackson Williams 0-0: Called Strike
0-1: Swinging Strike
0-2: Ball
1-2: Strikes out looking
Batting: RHB Fedyenka Tiguntsev 0-0: Called Strike
0-1: Ball
1-1: SINGLE (Groundball, 6M, EV 80.6 MPH)
Batting: RHB Ramón Murillo 0-0: Called Strike
0-1: Foul Ball, location: 23FF
0-2: Ball
1-2: SINGLE (Line Drive, 7LS, EV 94.4 MPH)
Fedyenka Tiguntsev to second
Batting: LHB Jorge Morán 0-0: Ball
1-0: Ball
Wild Pitch!
Fedyenka Tiguntsev to third
Ramón Murillo to second
2-0: Ball
3-0: Base on Balls
Pinch Hitting: LHB Harumi Sato 0-0: Grounds into fielders choice 4-2 (Groundball, 4, EV 86.3 MPH)
Ramón Murillo to third
Jorge Morán to second
Batting: LHB Tony Locke 0-0: Ball
1-0: Ball
2-0: Fly out, F8 (Flyball, 78D, EV 99.4 MPH)
Top of the 7th over - 0 runs, 2 hits, 0 errors, 3 left on base; Cleveland 1 - Milwaukee 3
BOTTOM OF THE 7TH
Milwaukee Brewers batting - Pitching for Cleveland Indians : RHP Joe Thompson
Now at 1B: Harumi Sato
Batting: LHB David MacDonald 0-0: Called Strike
0-1: Foul Ball, location: 7LDF
0-2: Ball
1-2: Fly out, F8 (Flyball, 8LD, EV 99.4 MPH)
Batting: SHB Yang Siu 0-0: Ball
1-0: Foul Ball, location: 25FF
1-1: Ball
2-1: Foul Ball, location: 2F
2-2: Foul Ball, location: 7LDF
2-2: Foul Ball, location: 5F
2-2: Ball
3-2: Strikes out looking
Batting: LHB John Brosseau 0-0: Ball
1-0: Ball
2-0: Called Strike
2-1: Ball
3-1: Foul Ball, location: 2F
3-2: Foul Ball, location: 2F
3-2: Base on Balls
Pitching: RHP Paco Bernard
Batting: LHB Santiago Romero 0-0: Ball
1-0: Foul Ball, location: 9LSF
1-1: Ball
2-1: Foul Ball, location: 2F
2-2: Strikes out swinging
Bottom of the 7th over - 0 runs, 0 hits, 0 errors, 1 left on base; Cleveland 1 - Milwaukee 3
TOP OF THE 8TH
Cleveland Indians batting - Pitching for Milwaukee Brewers : RHP Javier Castro
Now at 1B: Roberto Rodríguez
Now at 2B: Steve Sloan
Now at SS: Steve White
Batting: RHB Cisco Reyes 0-0: SINGLE (Line Drive, 9S, EV 104.4 MPH)
Batting: SHB Adam Emery 0-0: Ball
1-0: Called Strike
1-1: Ball
2-1: Ball
3-1: Foul Ball, location: 7LMF
3-2: SINGLE (Groundball, 56D, EV 103.8 MPH)
Cisco Reyes to second
Cisco Reyes to third
Pitching: RHP Sam Gregory
Batting: SHB Vince Smith 0-0: Ball
1-0: Ball
2-0: Swinging Strike
2-1: 3-RUN HOME RUN (Flyball, 9LD, EV 94.4 MPH), Distance : 351 ft
Batting: RHB Jackson Williams 0-0: Ball
1-0: Ball
2-0: Called Strike
2-1: Foul Ball, location: 2F
2-2: Ground out 6-3 (Groundball, 6M, EV 104.4 MPH)
Batting: RHB Fedyenka Tiguntsev 0-0: Called Strike
0-1: Swinging Strike
0-2: Ball
1-2: Strikes out swinging
Batting: RHB Ramón Murillo 0-0: Called Strike
0-1: Ball
1-1: Ball
2-1: Foul Ball, location: 2F
2-2: Strikes out swinging
Top of the 8th over - 3 runs, 3 hits, 0 errors, 0 left on base; Cleveland 4 - Milwaukee 3
BOTTOM OF THE 8TH
Milwaukee Brewers batting - Pitching for Cleveland Indians : RHP Paco Bernard
Batting: LHB Ron McBride 0-0: Foul Ball, location: 9LDF
0-1: Fly out, F8 (Flyball, 8LS, EV 80.0 MPH)
Batting: LHB Stanley Hawkins 0-0: SINGLE (Line Drive, 56D, EV 95.6 MPH)
Batting: SHB Ray Day 0-0: Ball
1-0: Fly out, F9 (Flyball, 89M, EV 101.9 MPH)
Batting: RHB Steve Sloan 0-0: Ball
1-0: Ball
2-0: Ball
3-0: Called Strike
3-1: SINGLE (Groundball, 3D, EV 106.9 MPH)
Stanley Hawkins to second
Runner from 2nd tries for 3rd, SAFE, no throw by RF
Batting: RHB Pedro Gómez 0-0: Hit by Pitch
Steve Sloan to second
Pitching: LHP Ralph Pace
Batting: LHB Roberto Rodríguez 0-0: Swinging Strike
0-1: Swinging Strike
0-2: Strikes out swinging
Bottom of the 8th over - 0 runs, 2 hits, 0 errors, 3 left on base; Cleveland 4 - Milwaukee 3
TOP OF THE 9TH
Cleveland Indians batting - Pitching for Milwaukee Brewers : RHP Sam Gregory
Batting: LHB Jorge Morán 0-0: Swinging Strike
0-1: Ball
1-1: Foul Ball, location: 25F
1-2: Strikes out swinging
Batting: LHB Harumi Sato 0-0: Ball
1-0: Ball
2-0: Ball
3-0: Called Strike
3-1: Foul Ball, location: 7LMF
3-2: Base on Balls
Batting: LHB Tony Locke 0-0: Called Strike
0-1: Foul Ball, location: 7LMF
0-2: Strikes out swinging
Pitching: RHP Joey Simons
Batting: RHB Cisco Reyes 0-0: Ball
1-0: Ball
2-0: Ball
3-0: Called Strike
3-1: Base on Balls
Harumi Sato to second
Batting: SHB Adam Emery 0-0: Foul Ball, location: 5FF
0-1: Ball
Wild Pitch!
Harumi Sato to third
Cisco Reyes to second
1-1: Ball
2-1: Ball
3-1: Foul Ball, location: 3SF
3-2: Strikes out looking
Top of the 9th over - 0 runs, 0 hits, 0 errors, 2 left on base; Cleveland 4 - Milwaukee 3
BOTTOM OF THE 9TH
Milwaukee Brewers batting - Pitching for Cleveland Indians : LHP Ralph Pace
Pitching: RHP Jesús Morán
Batting: SHB Yang Siu 0-0: Foul Ball, location: 2F
0-1: Ball
1-1: Ball
2-1: Called Strike
2-2: Strikes out swinging
Pinch Hitting: LHB Bradley Irwin 0-0: Ball
1-0: Ball
2-0: Called Strike
2-1: SINGLE (Line Drive, 34D, EV 101.3 MPH)
Batting: LHB Santiago Romero 0-0: Swinging Strike
0-1: Swinging Strike
0-2: Strikes out swinging
Batting: LHB Ron McBride 0-0: Ball
1-0: Ball
2-0: Called Strike
2-1: Ball
3-1: Foul Ball, location: 9LSF
3-2: Foul Ball, location: 25FF
3-2: Foul Ball, location: 7LSF
3-2: Base on Balls
Bradley Irwin to second
Batting: LHB Stanley Hawkins 0-0: Swinging Strike
0-1: Called Strike
0-2: Strikes out looking
Bottom of the 9th over - 0 runs, 1 hit, 0 errors, 2 left on base; Cleveland 4 - Milwaukee 3
Monday, April 15th , 2024 - OOTP Baseball 24.10 Build 82